 Dungeon Crawl Stone Soup version 0.30-a0-141-g30f27751c5 (webtiles) character file.

Game seed: 1904663855225896839

289 qw the Chopper (level 6, -1/38 HPs)
             Began as a Gargoyle Fighter on Sept 25, 2022.
             Killed by divine providence
             ... invoked by an orc priest
              (12 damage)
             ... on level 4 of the Dungeon.
             The game lasted 00:01:12 (3244 turns).

qw the Chopper (Gargoyle Fighter)                   Turns: 3244, Time: 00:01:12

Health: -1/38      AC: 13    Str: 26    XL:     6   Next: 31%
Magic:  5/5        EV:  7    Int:  7    God:
Gold:   149        SH:  4    Dex:  8    Spells: 5/5 levels left

rFire   . . .      SeeInvis .    Y - +0 war axe
rCold   . . .      Faith    .    c - +0 buckler
rNeg    + . .      Spirit   .    g - +0 chain mail
rPois   inf        Reflect  .    (no helmet)
rElec   +          Harm     .    (no cloak)
rCorr   .          Rampage  .    (no gloves)
Will    .....                    (no boots)
Stlth   ..........               i - amulet of the acrobat
HPRegen 0.12/turn                (no ring)
MPRegen 0.09/turn                (no ring)

@: no status effects
A: sickness immunity, AC +4, negative energy resistance 1, electricity
resistance, torment resistance 1, petrification resistance, low MP 1, strong 1
a: no special abilities


You were on level 4 of the Dungeon.
You visited 1 branch of the dungeon, and saw 4 of its levels.

You collected 149 gold pieces.


Innate Abilities, Weirdness & Mutations

You are immune to sickness and miasma.
Your stone body is resilient. (AC +4)
You are immune to poison.
You resist negative energy. (rN+)
You are resistant to electric shocks. (rElec)
You are resistant to unholy torment.
You are immune to petrification.
Your magical capacity is low. (-10% MP)
Your muscles are strong. (Str +4, Int/Dex -1)


   Skills:
 - Level 4.3 Fighting
 + Level 5.4 Axes
 - Level 3.2 Armour
 - Level 3.2 Shields


You had 5 spell levels left.
You didn't know any spells.
Your spell library was empty.

Inventory:

Hand Weapons
 j - a +0 whip
 Y - a +0 war axe (weapon)
Armour
 c - a +0 buckler (worn)
 g - a +0 chain mail (worn)
Jewellery
 e - a ring of resist corrosion
 i - an amulet of the acrobat (around neck)
Scrolls
 a - 3 scrolls of teleportation
Potions
 b - a potion of berserk rage {unknown}
 d - 3 potions of might
 h - 2 potions of mutation
 k - a potion of resistance
 l - a potion of flight {unknown}
 m - a potion of cancellation {unknown}

Dungeon Overview and Level Annotations

Branches:
Dungeon (4/15)
 Temple: D:4-7

Altars:
Fedhas
Sif Muna


Message History

The orc priest hits you but does no damage.
The orc wizard gestures at you while chanting.
The magic dart hits you.
You barely miss the orc wizard.
The orc wizard is heavily wounded.
You hit the orc priest. You hit the orc wizard.
The orc wizard casts a spell at you. The magic dart hits you.
You block the orc priest's attack.
The orc wizard gestures at you while chanting.
You are confused.
You hit the orc priest but do no damage.
The orc priest is moderately wounded.
You barely miss the orc wizard. You closely miss the orc wizard.
The orc wizard hits you with a +0 dagger.
The orc wizard hits you but does no damage.
The orc priest hits you with a +0 whip.
The orc wizard attacks as you move away!
The orc wizard hits you but does no damage.
The orc wizard barely misses you. The orc priest misses you.
The orc wizard attacks as you move away!
The orc wizard misses you.
A quokka comes into view.
The orc wizard points at you and mumbles some strange words.
The puff of flame hits you! The orc priest completely misses you.
The orc wizard attacks as you move away!
The orc wizard closely misses you.
The orc priest looks braver for a moment.
The orc wizard attacks as you move away!
The orc wizard completely misses you.
The orc wizard gestures at you while chanting.
The magic dart hits you but does no damage.
The quokka completely misses you.
You closely miss the quokka.
You feel less confused. The quokka barely misses you.
The orc wizard casts a spell at you. The magic dart hits you!
The orc priest invokes the aid of Beogh against you.
Beogh smites you!
You die...

.... #...............#
#..... ....
...............# ##.....
..............# #......
#...........# ##......
...........###>......
#........##.........
##...o......#.......
.##.#..r.....######.....
.......@oo....# ###...
##.#..##...#..# ### #...
#####...# .... ##..# .#.
..# # #.. ..#


You could see an orc priest, 2 orc wizards and a quokka.

Vanquished Creatures
  A phantom (D:4)
  A lemure (D:4)
  A kobold brigand (D:4)
  Jessica (D:3)
  5 adders
  4 dart slugs
  7 ball pythons
  7 endoplasms
  4 giant cockroaches
  8 goblins
  4 hobgoblins
  4 jackals (D:1)
  4 quokkas
  A bat (D:1)
  2 frilled lizards (D:3)
  7 kobolds
  6 rats
67 creatures vanquished.

Notes
Turn   | Place    | Note
-------+----------+-------------------------------------------
     0 | D:1      | qw the Gargoyle Fighter began the quest for the Orb.
     0 | D:1      | Reached XP level 1. HP: 14/14 MP: 1/1
     0 | D:1      | 0 ||| qw: Version: 0.2-a-10-g399e6c4
     0 | D:1      | 0 ||| qw: Game counter: 343
     0 | D:1      | 0 ||| qw: Always use a shield: true
     0 | D:1      | 0 ||| qw: God list: Okawaru
     0 | D:1      | 0 ||| qw: Allow faded altars: false
     0 | D:1      | 0 ||| qw: Do Orc after D:15 true
     0 | D:1      | 0 ||| qw: Do second Lair branch before Depths: true
     0 | D:1      | 0 ||| qw: Lair rune preference: random
     0 | D:1      | 0 ||| qw: Plans: Normal, Zot:1-4, God:TSO, Crypt, Tomb,
                  | Pan, Slime:5, Hells, Abyss, Orb
     0 | D:1      | 0 ||| PLANNING D:1-11
    50 | D:1      | Reached skill level 2 in Axes
   319 | D:1      | Reached XP level 2. HP: 19/19 MP: 2/2
   391 | D:1      | 391 ||| Stepping ~*~*~tactically~*~*~ (stealth).
   392 | D:1      | 392 ||| Stepping ~*~*~tactically~*~*~ (stealth).
   527 | D:1      | 527 ||| Stepping ~*~*~tactically~*~*~ (stealth).
   530 | D:1      | 530 ||| Stepping ~*~*~tactically~*~*~ (stealth).
   561 | D:1      | Reached skill level 3 in Axes
   647 | D:1      | Reached XP level 3. HP: 23/23 MP: 3/3
   675 | D:1      | 675 ||| Stepping ~*~*~tactically~*~*~ (stealth).
  1076 | D:1      | 1076 ||| READING 2 scrolls labelled VUUBBO EMAUCOEXOA.
  1079 | D:1      | 1079 ||| DRINKING 3 yellow potions.
  1080 | D:1      | 1080 ||| DRINKING 2 inky potions.
  1080 | D:1      | Gained mutation: Your magical capacity is low. (-10% MP)
                  | [potion of mutation]
  1080 | D:1      | Gained mutation: Your muscles are strong. (Str +4, Int/Dex
                  | -1) [potion of mutation]
  1081 | D:1      | 1081 ||| DROPPING 2 potions of brilliance.
  1281 | D:2      | 1281 ||| DROPPING +0 club.
  1319 | D:2      | Reached XP level 4. HP: 27/28 MP: 3/3
  1454 | D:2      | Reached skill level 4 in Axes
  1492 | D:2      | 1492 ||| Stepping ~*~*~tactically~*~*~ (hiding).
  1760 | D:2      | 1760 ||| UPGRADING to +0 chain mail.
  1770 | D:2      | 1770 ||| DROPPING +0 scale mail.
  1771 | D:2      | 1771 ||| READING scroll labelled FUIWAAW IRUMEWAULI.
  1772 | D:2      | 1772 ||| READING scroll labelled LATODAXTEC.
  1773 | D:2      | 1773 ||| READING scroll labelled NEUS CAWOVUNY.
  1774 | D:2      | 1774 ||| DRINKING 2 sedimented white potions.
  1885 | D:3      | Noticed Jessica
  1888 | D:3      | Killed Jessica
  1889 | D:3      | 1889 ||| Stepping ~*~*~tactically~*~*~ (hiding).
  2025 | D:3      | Found a faded altar of an unknown god.
  2102 | D:3      | Reached XP level 5. HP: 32/32 MP: 4/4
  2249 | D:3      | Found a shimmering blue altar of Sif Muna.
  2258 | D:3      | Found a blossoming altar of Fedhas.
  2387 | D:3      | 2387 ||| UPGRADING to amulet of the acrobat.
  2392 | D:3      | 2392 ||| READING scroll labelled JUITIR KINTUTY.
  2393 | D:3      | 2393 ||| READING scroll labelled JUMOBI ZIGUUGHASER.
  2494 | D:3      | 2494 ||| DRINKING 3 lumpy emerald potions.
  2528 | D:4      | 2528 ||| Stepping ~*~*~tactically~*~*~ (stealth).
  2642 | D:4      | 2642 ||| Stepping ~*~*~tactically~*~*~ (stealth).
  2673 | D:4      | 2673 ||| Stepping ~*~*~tactically~*~*~ (stealth).
  2697 | D:4      | Noticed a kobold brigand
  2719 | D:4      | Killed a kobold brigand
  2720 | D:4      | Reached skill level 5 in Axes
  2840 | D:4      | Noticed a lemure
  2852 | D:4      | Killed a lemure
  2866 | D:4      | 2866 ||| FLEEEEING.
  2867 | D:4      | 2867 ||| FLEEEEING.
  3035 | D:4      | Noticed a phantom
  3049 | D:4      | Killed a phantom
  3050 | D:4      | Reached XP level 6. HP: 21/38 MP: 5/5
  3064 | D:4      | 3064 ||| FLEEEEING.
  3065 | D:4      | 3065 ||| FLEEEEING.
  3066 | D:4      | 3066 ||| FLEEEEING.
  3067 | D:4      | 3067 ||| FLEEEEING.
  3068 | D:4      | 3068 ||| FLEEEEING.
  3069 | D:4      | 3069 ||| FLEEEEING.
  3070 | D:4      | 3070 ||| FLEEEEING.
  3071 | D:4      | 3071 ||| FLEEEEING.
  3072 | D:4      | 3072 ||| FLEEEEING.
  3078 | D:4      | 3078 ||| FLEEEEING.
  3079 | D:4      | 3079 ||| FLEEEEING.
  3080 | D:4      | 3080 ||| FLEEEEING.
  3081 | D:4      | 3081 ||| FLEEEEING.
  3082 | D:4      | 3082 ||| FLEEEEING.
  3083 | D:4      | 3083 ||| FLEEEEING.
  3084 | D:4      | 3084 ||| FLEEEEING.
  3085 | D:4      | 3085 ||| FLEEEEING.
  3086 | D:4      | 3086 ||| FLEEEEING.
  3087 | D:4      | 3087 ||| FLEEEEING.
  3088 | D:4      | 3088 ||| FLEEEEING.
  3089 | D:4      | 3089 ||| FLEEEEING.
  3090 | D:4      | 3090 ||| FLEEEEING.
  3091 | D:4      | 3091 ||| FLEEEEING.
  3092 | D:4      | 3092 ||| FLEEEEING.
  3099 | D:4      | 3099 ||| STAIRDANCE
  3191 | D:3      | 3191 ||| READING scroll labelled BEEDWISKUIL.
  3201 | D:4      | 3201 ||| Stepping ~*~*~tactically~*~*~ (stealth).
  3229 | D:4      | 3229 ||| DRINKING 2 potions of curing.
  3229 | D:4      | 3229 ||| (to cure confusion)
  3234 | D:4      | 3234 ||| DRINKING potion of curing.
  3234 | D:4      | 3234 ||| (to cure confusion)
  3244 | D:4      | Killed from afar by an orc priest

Levels and vault maps discovered:
D:1:      dpeg_arrival_castle, layout_loops_ring
D:2:      layout_basic, nicolae_hexahallways, corner_web_ring,
          ebering_dispersal_statue_hall
D:3:      layout_rooms, mainiacjoe_overflow_swirl, basic_ecumenical_altar,
          chequers_serial_rivers_micro_b, uniq_jessica
D:4:      layout_cave_pods, hangedman_decor_growths,
          hangedman_decor_clover_reticule, kennysheep_generic_room_8, uniq_pikel

Skill      XL: |  1  2  3  4  5 |
---------------+----------------+-----
Axes           | 2 3 4 5 |  5.4
Fighting       | 4 |  4.3
Armour         | |  3.2
Shields        | |  3.2

Action                   |  1- 3 |  4- 6 || total
-------------------------+-------+-------++-------
Melee: War axe           |   103 |   116 ||   219
  Use: Potion            |     2 |     4 ||     6
       Scroll            |     1 |     6 ||     7
Armor: Scale mail        |    70 |     7 ||    77
       Chain mail        |       |    54 ||    54
Dodge: Dodged            |    46 |    53 ||    99
Block: Buckler           |    20 |    24 ||    44

Table legend:
 A = Non-vault XP
 B = Vault XP
 C = Vault XP percentage of total XP
 D = Non-vault monster count
 E = Vault monster count
 F = Vault count percentage of total count
                 A         B        C        D         E       F
            +---------+---------+-------+---------+---------+-------
      Total |     377 |      37 |   8.9 |      65 |       1 |   1.5
            +---------+---------+-------+---------+---------+-------
        D:1 |      48 |       0 |   0.0 |      29 |       0 |   0.0
        D:2 |      62 |       0 |   0.0 |      15 |       0 |   0.0
        D:3 |      40 |      37 |  48.1 |       9 |       1 |  10.0
        D:4 |     227 |       0 |   0.0 |      12 |       0 |   0.0
            +---------+---------+-------+---------+---------+-------
